 Dungeon Crawl Stone Soup version 0.29.0-13-gc9e81de378 (webtiles) character file.

Game seed: 325098361998661860

56 gdog the Caller (level 3, 0/26 HPs)
             Began as a Gnoll Summoner on Sept 11, 2022.
             Slain by an orc
             ... wielding a +1 falchion of freezing
              (3 damage)
             ... on level 2 of the Dungeon.
             The game lasted 00:08:27 (1779 turns).

gdog the Caller (Gnoll Summoner)                    Turns: 1779, Time: 00:08:33

Health: 0/26       AC:  2    Str:  7    XL:     3   Next: 97%
Magic:  6/9        EV: 13    Int: 16    God:
Gold:   37         SH:  0    Dex: 12    Spells: 3/12 levels left

rFire   . . .      SeeInvis .   j - +1 spear (flame)
rCold   . . .      Faith    .   (no shield)
rNeg    . . .      Spirit   .   a - +0 robe
rPois   .          Reflect  .   (no helmet)
rElec   .          Harm     .   (no cloak)
rCorr   .          Rampage  .   (no gloves)
Will    .....                   (no boots)
Stlth   ++........              p - amulet of magic regeneration
HPRegen 0.08/turn               (no ring)
MPRegen 0.51/turn               (no ring)

@: no status effects
A: fangs 1, strong nose, distributed training
a: no special abilities


You were on level 2 of the Dungeon.
You visited 1 branch of the dungeon, and saw 3 of its levels.

You collected 120 gold pieces.
You spent 83 gold pieces at shops.

Inventory:

Hand Weapons
 c - a +2 war axe of distortion
 d - a +0 short sword
 j - a +1 spear of flaming (weapon)
Armour
 a - a +0 robe (worn)
 k - a +0 leather armour
 n - a +0 ring mail
Jewellery
 e - a ring of ice
 p - an amulet of magic regeneration (around neck)
Scrolls
 l - a scroll of blinking {unknown}
 m - a scroll of butterflies {unknown}
Potions
 b - a potion of magic
 f - a potion of heal wounds
 g - 5 potions of curing
 h - a potion of might {unknown}
 i - a potion of lignification
 o - a potion of mutation


   Skills:
 + Level 1.0 Fighting
 + Level 1.0 Short Blades
 + Level 1.0 Long Blades
 + Level 1.0 Axes
 + Level 1.0 Maces & Flails
 + Level 1.0 Polearms
 + Level 1.0 Staves
 + Level 1.0 Ranged Weapons
 + Level 1.0 Throwing
 + Level 1.0 Armour
 + Level 4.6 Dodging
 + Level 4.2 Stealth
 + Level 1.0 Shields
 + Level 1.0 Unarmed Combat
 + Level 5.0 Spellcasting
 + Level 0.7 Conjurations
 + Level 0.7 Hexes
 + Level 7.1 Summonings
 + Level 0.7 Necromancy
 + Level 0.7 Translocations
 + Level 0.7 Transmutations
 + Level 0.7 Fire Magic
 + Level 0.7 Ice Magic
 + Level 0.7 Air Magic
 + Level 0.7 Earth Magic
 + Level 0.7 Poison Magic
 + Level 1.1 Invocations
 + Level 1.0 Evocations


You had 3 spell levels left.
You knew the following spells:

 Your Spells              Type           Power      Damage    Failure   Level
a - Summon Small Mammal   Summ           100%       N/A       1%          1
b - Call Imp              Summ           26%        N/A       1%          2
c - Call Canine Familiar  Summ           26%        N/A       2%          3
d - Summon Guardian Gole  Hex/Summ       16%        N/A       9%          3

Your spell library contained the following spells:

 Spells                   Type           Power      Damage    Failure   Level
 Gell's Gravitas          Tloc           6%         N/A       32%         3
 Lesser Beckoning         Tloc           6%         N/A       32%         3
 Teleport Other           Tloc           6%         N/A       32%         3
 Summon Lightning Spire   Summ/Air       16%        N/A       30%         4


Dungeon Overview and Level Annotations

Branches:
Dungeon (3/15)

Altars:
Kikubaaqudgha
Vehumet

Shops:
D:1 !?*

Annotations:
D:3 Terence


Innate Abilities, Weirdness & Mutations

You have very sharp teeth.
Your uncanny sense of smell can sniff out nearby items.
Your experience applies equally to all skills.


Message History

You hit the kobold. You burn the kobold.
The kobold is severely wounded.
The kobold barely misses you.
You hit the kobold. You burn the kobold.
You kill the kobold!
No target in view!
No target in view!
No target in view!
You climb downwards.
You hear the sound of rushing water.
There is an entrance to a sewer on this level.
Hurry and find it before the portal rusts away!
Level annotation: Terence Terence shouts!
The orc closely misses you.
The orc hits you with a +1 falchion of freezing.
The orc freezes you.
Terence bares his teeth.
The orc priest closely misses you.
The orc hits you with a +1 falchion of freezing.
The orc freezes you. The orc hits you with a +0 mace.
There is a stone staircase leading up, spattered with blood here.
The orc priest misses you. The orc closely misses you.
Terence says, "How do you enjoy it?" The orc barely misses you.
You climb upwards.
There is a stone staircase leading down here.
You are too injured to fight recklessly!
You are too injured to fight recklessly!
You are too injured to fight recklessly!
Casting: Summon Small Mammal (safe; 1% risk of failure)
Confirm with . or Enter, or press ? or * to list all spells.
The spell is quite dangerous to miscast (9% risk of failure)!
Continue anyway?
Okay, then.
Casting: Summon Guardian Golem (quite dangerous; 9% risk of failure)
Confirm with . or Enter, or press ? or * to list all spells.
The orc hits you with a +0 mace.
The orc hits you with a +1 falchion of freezing.
* * * LOW HITPOINT WARNING * * *
The orc freezes you.
You die...

##########.##≈~≈~≈#.....##
### #.####'###.##### #.##
#.# #..##.# ...# #.#
##.##.# ...#######.#
#.##.# #..........# #>##.#
.#.######### #h##.#
....############o##.#
###...........oo@##.# #
#################.# ###
#######.# ..# #.......#
#.#### #.####### #....#
#.# #.##.# #.# ..##.# #.#
####.# #.#


You could see an orc priest, 2 orcs and a friendly hound (summoned).

Vanquished Creatures
  4 bats
  An endoplasm (D:2)
  A giant cockroach (D:2)
  A goblin (D:1)
  A quokka (D:1)
  A ball python (D:1)
  A kobold (D:2)
10 creatures vanquished.

Vanquished Creatures (collateral kills)
  2 adders (D:2)
  A giant cockroach (D:2)
  A goblin (D:1)
  4 hobgoblins
  3 jackals (D:1)
  3 kobolds (D:2)
  4 ball pythons
  3 bats
  2 frilled lizards
  5 rats
28 creatures vanquished.

Grand Total: 38 creatures vanquished

Notes
Turn   | Place    | Note
-------+----------+-------------------------------------------
     0 | D:1      | gdog the Gnoll Summoner began the quest for the Orb.
     0 | D:1      | Reached XP level 1. HP: 13/13 MP: 6/6
    48 | D:1      | You fall into a shaft and drop 1 floor!
   226 | D:2      | Reached XP level 2. HP: 20/20 MP: 4/7
   422 | D:1      | Found a faded altar of an unknown god.
   527 | D:1      | Found Zulufoac's Distillery.
   542 | D:1      | Bought a potion of heal wounds for 55 gold pieces
   552 | D:1      | Reached skill level 5 in Spellcasting
   552 | D:1      | Reached XP level 3. HP: 23/25 MP: 5/9
   601 | D:1      | Found Xaocraeh's General Store.
   637 | D:1      | Learned a level 2 spell: Call Imp
   672 | D:1      | Found Tug Ahis's Magic Scroll Emporium.
   677 | D:1      | Learned a level 3 spell: Call Canine Familiar
   681 | D:1      | Reached skill level 1 in Invocations
   715 | D:1      | Bought a scroll of identify for 28 gold pieces
   973 | D:2      | Found a radiant altar of Vehumet.
  1278 | D:2      | Reached skill level 1 in Fighting
  1278 | D:2      | Reached skill level 1 in Short Blades
  1278 | D:2      | Reached skill level 1 in Long Blades
  1278 | D:2      | Reached skill level 1 in Axes
  1278 | D:2      | Reached skill level 1 in Maces & Flails
  1278 | D:2      | Reached skill level 1 in Polearms
  1278 | D:2      | Reached skill level 1 in Staves
  1278 | D:2      | Reached skill level 1 in Ranged Weapons
  1278 | D:2      | Reached skill level 1 in Throwing
  1278 | D:2      | Reached skill level 1 in Armour
  1278 | D:2      | Reached skill level 1 in Shields
  1278 | D:2      | Reached skill level 1 in Unarmed Combat
  1278 | D:2      | Reached skill level 1 in Evocations
  1733 | D:3      | Noticed Terence
  1733 | D:3      | Found an ancient bone altar of Kikubaaqudgha.
  1740 | D:2      | Learned a level 3 spell: Summon Guardian Golem
  1779 | D:2      | Slain by an orc

Illustrated notes

Levels and vault maps discovered:
D:1:      dpeg_arrival_round_a, layout_rooms,
          shapermc_ecumenical_altar_totnotflames, serial_shops, shop_statue,
          nicolae_shop_behind_doors, shop
D:2:      layout_loops_ring, basic_altar, chequers_serial_rivers_room_b,
          hangedman_feature_mirror, chequers_mini_garden,
          minmay_misc_feat_alley, minmay_tree_intersection, minmay_misc_feat_x
D:3:      layout_rooms, amcnicky_altar_gilded, gup_sewer_entry_pipe,
          corexii_shack, uniq_terence

Skill      XL: |  1  2  3 |
---------------+----------+-----
Spellcasting   | 5 |  5.0
Invocations    | 1 |  1.1
Fighting       | 1 |  1.0
Short Blades   | 1 |  1.0
Long Blades    | 1 |  1.0
Axes           | 1 |  1.0
Maces & Flails | 1 |  1.0
Polearms       | 1 |  1.0
Staves         | 1 |  1.0
Ranged Weapons | 1 |  1.0
Throwing       | 1 |  1.0
Armour         | 1 |  1.0
Shields        | 1 |  1.0
Unarmed Combat | 1 |  1.0
Evocations     | 1 |  1.0
Dodging        | |  4.6
Stealth        | |  4.2
Conjurations   | |  0.7
Hexes          | |  0.7
Summonings     | |  7.1
Necromancy     | |  0.7
Translocations | |  0.7
Transmutations | |  0.7
Fire Magic     | |  0.7
Ice Magic      | |  0.7
Air Magic      | |  0.7
Earth Magic    | |  0.7
Poison Magic   | |  0.7

Action                   || total
-------------------------++-------
Melee: Short sword       ||    15
       Spear             ||    14
 Cast: Summon Small Mamm ||    32
       Call Imp          ||     5
       Call Canine Famil ||     4
  Use: Potion            ||     1
       Scroll            ||     6
 Stab: Sleeping          ||     1
Armor: Robe              ||    20
Dodge: Dodged            ||    40
